 Dungeon Crawl Stone Soup version 0.22-a0-259-gdd11e71 (webtiles) character file.

123477 kuniqs the Blocker (level 16, -4/167 HPs)
             Began as a Deep Dwarf Fighter on Mar 5, 2018.
             Was the Champion of Makhleb.
             Slain by a spriggan rider
             ... wielding a +0 spear
              (13 damage)
             ... on level 3 of the Swamp on Mar 6, 2018.
             The game lasted 00:50:42 (21286 turns).

kuniqs the Blocker (Deep Dwarf Fighter)            Turns: 21286, Time: 00:50:43

Health: -4/167     AC: 27    Str: 27    XL:     16   Next: 37%
Magic:  7/7        EV:  9    Int:  9    God:    Makhleb [******]
Gold:   2553       SH: 21    Dex: 14    Spells: 15/15 levels left

rFire    + . .     SeeInvis .   W - +1 broad axe (freeze)
rCold    . . .     Gourm    .   H - +0 large shield
rNeg     + . .     Faith    .   U - +1 plate armour {rF+}
rPois    +         Spirit   .   (helmet restricted)
rElec    .         Reflect  .   T - +2 cloak
rCorr    .         Harm     .   E - +0 pair of gloves
MR       ++...                  p - +0 pair of boots
Stlth    ..........             (no amulet)
HPRegen  0.00/turn              Q - ring of poison resistance
MPRegen  0.10/turn              q - +3 ring of protection

@: grasped by roots, non-regenerating, very slow
A: damage resistance, heal wounds, horns 1, thin skeletal structure 1, negative
energy resistance 1, sense surroundings 2, robust 1, no regeneration
a: Heal Wounds, Minor Destruction, Lesser Servant of Makhleb, Major Destruction,
Greater Servant of Makhleb, Renounce Religion


You were on level 3 of the Swamp.
You worshipped Makhleb.
Makhleb was exalted by your worship.
You were hungry.

You visited 5 branches of the dungeon, and saw 27 of its levels.
You also visited: Sewer, Ice Cave and Volcano.

You collected 2553 gold pieces.

Inventory:

Hand Weapons
 o - a +1 scimitar of flaming
 W - a +1 broad axe of freezing (weapon)
Missiles
 D - a throwing net (quivered)
Armour
 p - a +0 pair of boots (worn)
 E - a +0 pair of gloves (worn)
 H - a +0 large shield (worn)
 T - a +2 cloak (worn)
 U - a +1 plate armour of fire resistance (worn)
Jewellery
 i - an uncursed ring of ice
 q - a +3 ring of protection (right hand)
 J - a +3 ring of evasion
 Q - a ring of poison resistance (left hand)
 R - an uncursed ring of protection from fire
 V - the ring of the Mage {Wiz MR++ Int+3}
   (You found it on level 6 of the Lair of Beasts)

   [ring of wizardry]

   It improves your spell success rate.
   It affects your intelligence (+3).
   It affects your resistance to hostile enchantments.
Wands
 h - a wand of scattershot (7)
 j - a wand of iceblast (7)
 n - a wand of polymorph (20)
 v - a wand of acid (12)
 w - a wand of flame (91)
 I - a wand of enslavement (47)
 K - a wand of paralysis (34)
 S - a wand of clouds (5)
Scrolls
 b - a scroll of summoning
 c - 2 scrolls of holy word
 e - 11 scrolls of teleportation
 g - 3 scrolls of identify {@r1}
 l - 7 scrolls of magic mapping
 t - 12 scrolls of remove curse {@r2}
 u - 2 scrolls of immolation
 y - 6 scrolls of blinking
 F - 2 scrolls of fear
 G - 5 scrolls of enchant armour
 P - a scroll of fog
Potions
 a - 3 potions of resistance
 d - 5 potions of might
 k - 5 potions of heal wounds
 m - 2 potions of invisibility
 r - 4 potions of ambrosia
 s - 5 potions of flight
 x - 8 potions of curing {@q1}
 A - a potion of lignification
 B - 7 potions of mutation
 L - 7 potions of haste
 M - 4 potions of agility
 N - a potion of cancellation
 O - 6 potions of berserk rage
Comestibles
 f - 44 rations
 z - 4 chunks of flesh


   Skills:
 + Level 12.2 Fighting
 + Level 14.0 Axes
 + Level 14.3 Armour
 + Level 13.9 Dodging
 + Level 14.3 Shields
 - Level 10.0 Invocations


You had 15 spell levels left.
You didn't know any spells.

Dungeon Overview and Level Annotations

Branches:
Dungeon (15/15)            Temple (1/1) D:4            Lair (6/6) D:8
  Swamp (3/4) Lair:3        Snake (0/4) Lair:2        Slime (0/5) Lair:6
    Orc (2/2) D:12            Elf (0/3) Orc:2        Vaults (0/5) D:13
 Depths (0/5) D:15

Altars:
Ashenzari
Dithmenos
Fedhas
Gozag
Kikubaaqudgha
Makhleb
Nemelex Xobeh
Okawaru
Qazlal
Sif Muna
Trog
Uskayaw
Vehumet
Wu Jian
Yredelemnul
Zin
The Shining One
Beogh
Jiyva

Shops:
D:8 (   D:11 *   D:14 *   Orc:2 ?(!(?

Portals:
Trove: D:15 (give +5 demon blade)

Annotations:
D:10 1 exclusion
D:14 1 exclusion
Lair:3 exclusion: 5 oklob plants
Swamp:3 Louise


Innate Abilities, Weirdness & Mutations

You are resistant to damage.
You can heal yourself by infusing magical energy.
You resist negative energy. (rN+)
You passively map the area around you.
You do not regenerate.
You have a pair of small horns on your head.
You have a somewhat thin skeletal structure. (Dex +2, Stealth)
You are robust. (+10% HP)


Message History

The alligator tail-slaps you but does no damage.
The spriggan rider hits you but does no damage.
Louise casts a spell.
Louise blinks!
You block the hornet's attack. You block the alligator's attack.
The alligator tail-slaps you but does no damage.
The alligator bites you!!
* * * LOW HITPOINT WARNING * * *
The alligator tail-slaps you!
* * * LOW HITPOINT WARNING * * *
The shambling mangrove hits you.
You feel much better. You block the alligator's attack. x2
The hornet barely misses you.
The spriggan rider hits you from afar with a spear.
The alligator bites you but does no damage.
You block the alligator's attack. You block Louise's attack.
The alligator bites you!
* * * LOW HITPOINT WARNING * * *
The alligator tail-slaps you but does no damage.
The spriggan rider hits you from afar with a spear!
You die...

, ♣%. * * , ≈≈ ≈
≈ , ≈≈≈≈.♣♣ * , ,
, ≈ ≈≈≈≈.§≈♣ * *
≈≈ * ,,
..§♣...♣♣♣♣♣♣ *♣
, ,≈
,...≈≈≈≈≈♣.≈≈♣♣§.
≈ * *
♣..≈≈≈≈.>≈≈≈≈...
*
♣♣..≈≈≈≈y≈≈≈...♣
* *≈ *
*.≈≈≈≈≈§ttt≈.≈♣≈§
* ,
.≈≈≈≈≈if@≈≈..≈≈.*
** ≈ *
.≈≈≈≈≈iy≈≈@.§≈.♣
* * ≈,
..≈≈.≈§≈≈.≈...§♣
* *≈
♣≈....≈≈.....≈≈.
* *
♣♣.§≈≈.≈.≈≈≈)♣..
* *≈ ,
♣♣.≈≈≈≈≈≈≈≈.♣ . ,
* ♣≈.≈≈≈≈≈≈≈≈. ≈
≈ **
♣..≈≈≈≈≈≈≈≈..≈*
** *, , , ,


You could see Louise, a shambling mangrove, 3 alligators, 2 spriggan riders and
2 hornets.

Vanquished Creatures
  A thorn hunter (Swamp:2)
  Aizul (Swamp:1)
  A red draconian (Volcano)
  An ettin (D:15)
  Josephine (D:13)
  The ghost of kuniqs the Blocker, a journeyman DDFi of Makhleb (D:11)
  19 hydras
  5 centaur warriors
  A ghost crab (Swamp:1)
  9 two-headed ogres
  7 alligators
  2 ogre magi
  5 death yaks (Lair:6)
  9 orc high priests
  A tengu warrior (D:13)
  Urug (D:12)
  2 spriggans
  An unseen horror (D:13)
  A salamander mystic (Volcano)
  A skeletal warrior (D:14)
  A deep troll (D:15)
  A wizard (D:13)
  4 swamp dragons
  2 shambling mangroves
  A lindwurm (Lair:6)
  A wolf spider zombie (D:15)
  5 ugly things
  2 cyclopes
  3 orc sorcerers (Orc:1)
  2 manticores
  6 salamanders (Volcano)
  17 elephants
  3 centaur zombies
  2 molten gargoyles (Lair:6)
  7 black mambas
  10 spiny frogs
  2 gargoyles
  3 kobold demonologists
  10 komodo dragons
  An efreet (D:14)
  2 yaktaurs (D:15)
  2 ice devils (Lair:6)
  2 rime drakes
  A queen bee (Lair:3)
  2 trolls
  6 hornets
  Prince Ribbit (D:6)
  10 blink frogs
  A bog body (Swamp:2)
  12 slime creatures
  2 tyrant leeches
  13 hippogriffs
  2 shadows (D:11)
  Sigmund (D:5)
  2 vampires (D:13)
  5 wraiths
  10 wyverns
  5 hogs
  A golden eye (shapeshifter) (D:15)
  2 humans (D:11)
  30 yaks
  3 steam dragons (Lair:6)
  3 vampire mosquitoes (D:15)
  5 basilisks
  5 swamp worms
  Menkaure (D:6)
  13 wargs
  14 insubstantial wisps (Swamp:2)
  3 nagas (Lair:2)
  9 water moccasins
  A soldier ant (D:10)
  An acid dragon (D:14)
  8 porcupines
  5 hell hounds (Lair:6)
  2 swamp drakes
  15 orc warriors
  An eye of draining (D:15)
  6 sky beasts
  3 black bears
  A hornet zombie (D:11)
  3 necrophages
  6 phantoms
  7 ice beasts
  17 ogres
  18 wolves
  17 crocodiles
  11 centaurs
  7 big kobolds
  17 bullfrogs
  2 wyvern zombies
  24 killer bees (Lair:3)
  2 scorpions
  9 wights
  An electric eel (Lair:6)
  A howler monkey (D:14)
  5 lava snakes (Lair:6)
  6 crimson imps
  2 bullfrog zombies
  9 hounds
  6 jellies
  4 centaur skeletons
  36 orc priests
  A bullfrog skeleton (D:6)
  A hell rat (Lair:3)
  5 iguanas
  18 orc wizards
  10 worker ants
  A killer bee zombie (D:5)
  A hound zombie (D:9)
  3 worker ant zombies
  4 gnolls (Orc:2)
  12 adders
  4 river rats
  3 shadow imps
  7 oozes
  2 adder skeletons
  2 worms
  A dart slug (D:2)
  3 leopard geckos
  85 orcs
  6 giant cockroaches
  4 goblins
  3 hobgoblins
  8 jackals
  4 quokkas
  3 ball pythons
  4 bats
  4 frilled lizards
  31 kobolds
  A leopard gecko zombie (D:5)
  5 rats
  3 briar patches (Swamp:2)
  A fungus (Lair:4)
814 creatures vanquished.

Vanquished Creatures (collateral kills)
  Frances (D:12)
  Kirke (Lair:4)
  Snorg (Orc:1)
  A fire dragon (Lair:6)
  3 hydras
  2 spiny frogs
  A komodo dragon (Lair:3)
  A blink frog (Lair:3)
  2 hippogriffs
  2 wyverns (Lair:3)
  A hog (Lair:4)
  2 water moccasins
  3 wolves (Lair:3)
  A bullfrog (Lair:4)
  8 killer bees (Lair:3)
30 creatures vanquished.

Vanquished Creatures (others)
  A spriggan druid (Swamp:3)
  A spriggan (Swamp:2)
  2 orcs
  A briar patch (Swamp:2)
  13 fungi
  7 plants
25 creatures vanquished.

Grand Total: 869 creatures vanquished

Notes
Turn   | Place    | Note
-------+----------+-------------------------------------------
     0 | D:1      | kuniqs the Deep Dwarf Fighter began the quest for the Orb.
     0 | D:1      | Reached XP level 1. HP: 20/20 MP: 1/1
   209 | D:1      | Reached XP level 2. HP: 24/27 MP: 2/2
   623 | D:2      | Found a glowing silver altar of Zin.
   657 | D:2      | Reached skill level 1 in Dodging
   657 | D:2      | Reached XP level 3. HP: 31/34 MP: 3/3
  1491 | D:3      | Reached XP level 4. HP: 29/42 MP: 4/4
  1666 | D:3      | Reached XP level 5. HP: 39/49 MP: 5/5
  2334 | D:4      | Noticed a phantom
  2336 | D:4      | Noticed a phantom
  2360 | D:4      | Killed a phantom
  2360 | D:4      | Reached XP level 6. HP: 41/57 MP: 6/6
  2485 | D:4      | Found a staircase to the Ecumenical Temple.
  2493 | Temple   | Entered the Ecumenical Temple
  2642 | Temple   | Became a worshipper of Makhleb the Destroyer
  2704 | D:4      | Found a glowing drain.
  2716 | Sewer    | Entered a sewer
  2803 | Sewer    | Reached skill level 1 in Invocations
  2820 | Sewer    | Found a white marble altar of Elyvilon.
  2967 | D:4      | Found a shattered altar of Ashenzari.
  2985 | D:4      | Reached skill level 5 in Armour
  2985 | D:4      | Reached XP level 7. HP: 52/64 MP: 5/7
  3030 | D:4      | Found a shadowy altar of Dithmenos.
  3078 | D:5      | Entered Level 5 of the Dungeon
  3078 | D:5      | Noticed Sigmund
  3102 | D:5      | Killed Sigmund
  3102 | D:5      | Reached skill level 5 in Shields
  3191 | D:5      | Reached * piety under Makhleb
  3276 | D:5      | Reached XP level 8. HP: 48/73 MP: 8/8
  3380 | D:5      | Reached skill level 5 in Axes
  3730 | D:6      | Noticed Menkaure
  3746 | D:6      | Killed Menkaure
  3778 | D:6      | Noticed Prince Ribbit
  3782 | D:6      | Killed Prince Ribbit
  3985 | D:6      | Reached skill level 5 in Fighting
  4661 | D:7      | Reached skill level 5 in Dodging
  4690 | D:7      | Noticed a hippogriff
  4698 | D:7      | Killed a hippogriff
  4698 | D:7      | Gained mutation: You passively map the area around you. [Deep Dwarf growth]
  4698 | D:7      | Reached XP level 9. HP: 51/81 MP: 8/8
  4869 | D:7      | Reached skill level 5 in Invocations
  4967 | D:7      | Found an ancient bone altar of Kikubaaqudgha.
  5119 | D:8      | Reached ** piety under Makhleb
  5172 | D:8      | Found a staircase to the Lair.
  5324 | D:8      | Found a blossoming altar of Fedhas.
  5326 | D:8      | Found a stormy altar of Qazlal.
  5410 | D:8      | Found Sauhyir's Weapon Shop.
  5984 | D:9      | Noticed a two-headed ogre
  5997 | D:9      | Killed a two-headed ogre
  6029 | D:9      | Reached XP level 10. HP: 82/91 MP: 9/9
  6287 | D:9      | Found a glowing golden altar of the Shining One.
  6289 | D:9      | Noticed an angel
  6299 | D:9      | Found a basalt altar of Yredelemnul.
  6495 | D:10     | Entered Level 10 of the Dungeon
  6552 | D:10     | Noticed Psyche
  6554 | D:10     | Noticed Psyche
  6554 | D:10     | Psyche changed into Psyche the soldier ant
  6555 | D:10     | Noticed a cyclops
  6574 | D:10     | Killed a cyclops
  6575 | D:10     | Killed Psyche the soldier ant
  6601 | D:10     | Reached *** piety under Makhleb
  7194 | D:10     | Noticed a centaur warrior
  7376 | D:11     | Noticed a two-headed ogre
  7398 | D:11     | Killed a two-headed ogre
  7441 | D:11     | Noticed a two-headed ogre
  7441 | D:11     | Noticed a two-headed ogre
  7446 | D:11     | Noticed an ogre mage
  7448 | D:11     | Noticed a two-headed ogre
  7503 | Lair:1   | Entered Level 1 of the Lair of Beasts
  7503 | Lair:1   | Noticed a spiny frog
  7530 | Lair:1   | Killed a spiny frog
  7530 | Lair:1   | Reached XP level 11. HP: 55/100 MP: 7/7
  7531 | Lair:1   | Reached **** piety under Makhleb
  8367 | Lair:1   | Noticed an eight-headed hydra
  8391 | Lair:1   | Killed an eight-headed hydra
  8657 | Lair:2   | Found a staircase to the Snake Pit.
  9227 | Lair:3   | Reached skill level 10 in Shields
  9239 | Lair:3   | Reached XP level 12. HP: 56/111 MP: 6/6
  9253 | Lair:3   | Reached ***** piety under Makhleb
  9261 | Lair:3   | Reached skill level 10 in Armour
  9548 | Lair:3   | Noticed a seven-headed hydra
  9567 | Lair:3   | Killed a seven-headed hydra
  9576 | Lair:3   | Reached skill level 10 in Axes
  9693 | Lair:3   | Noticed a six-headed hydra
  9701 | Lair:3   | Killed a six-headed hydra
  9790 | Lair:3   | Found a bloodstained altar of Trog.
  9793 | Lair:3   | Found a staircase to the Swamp.
  9891 | Lair:3   | Reached skill level 10 in Dodging
 10240 | Lair:4   | Noticed Kirke
 10288 | Lair:4   | Killed Kirke
 10828 | Lair:5   | Noticed a seven-headed hydra
 10832 | Lair:5   | Killed a seven-headed hydra
 10917 | Lair:5   | Noticed a four-headed hydra
 10921 | Lair:5   | Killed a four-headed hydra
 10921 | Lair:5   | Reached XP level 13. HP: 121/121 MP: 6/6
 11728 | Lair:6   | Entered Level 6 of the Lair of Beasts
 11742 | Lair:6   | Found a frozen archway.
 11767 | IceCv    | Entered an ice cave
 11768 | IceCv    | Found a transporter.
 12037 | Lair:6   | Found a staircase to the Slime Pits.
 12044 | Lair:6   | Found a dark tunnel.
 12051 | Volcano  | Entered a volcano
 12099 | Volcano  | Noticed a red draconian
 12100 | Volcano  | Found a burning altar of Makhleb.
 12120 | Volcano  | Killed a red draconian
 12120 | Volcano  | Reached skill level 10 in Invocations
 12239 | Lair:6   | Found a viscous altar of Jiyva.
 12453 | Lair:6   | Reached skill level 10 in Fighting
 12780 | Lair:6   | Gained mutation: You resist negative energy. (rN+) [Deep Dwarf growth]
 12780 | Lair:6   | Reached XP level 14. HP: 132/132 MP: 8/8
 12797 | Lair:6   | Reached ****** piety under Makhleb
 13110 | Lair:6   | Found the ring of the Mage {Wiz MR++ Int+3}
 13128 | Lair:6   | Found a large runed door.
 13128 | Lair:6   | Found a large runed door.
 14029 | D:11     | Found Bideklus's General Store.
 14079 | D:11     | Found an ornate altar of the Wu Jian Council.
 14226 | D:11     | Found an iron altar of Okawaru.
 14333 | D:12     | Paralysed by a hornet for 1 turns
 14351 | D:12     | Noticed Urug
 14384 | D:12     | Killed Urug
 14764 | D:12     | Noticed Frances
 14799 | D:12     | Killed Frances
 14961 | D:12     | Found a staircase to the Orcish Mines.
 15247 | Orc:1    | Entered Level 1 of the Orcish Mines
 15758 | Orc:2    | Entered Level 2 of the Orcish Mines
 15758 | Orc:2    | Found a roughly hewn altar of Beogh.
 15976 | Orc:2    | Noticed Maurice
 16020 | Orc:2    | Noticed Maurice
 16020 | Orc:2    | Maurice changed into Maurice the hog
 16023 | Orc:2    | Killed Maurice the hog
 16049 | Orc:2    | Gained mutation: Your spells are a little harder to cast, but a little more powerful. [a neqoxec]
 16195 | Orc:2    | Found Mausehol's Weapon Emporium.
 16195 | Orc:2    | Found Xymu's Magic Scroll Boutique.
 16219 | Orc:2    | Found a roughly hewn altar of Beogh.
 16240 | Orc:2    | Noticed Snorg
 16391 | Orc:2    | Reached XP level 15. HP: 79/141 MP: 9/9
 16534 | Orc:1    | Killed Snorg
 16612 | Orc:2    | Found a staircase to the Elven Halls.
 16673 | Orc:2    | Found Xuces's Magic Scroll Boutique.
 16754 | Orc:2    | Found Ala Refi's Antique Weapon Emporium.
 16754 | Orc:2    | Found Kenymn's Distillery.
 16947 | Orc:2    | Found Mausehol's Weapon Emporium.
 16947 | Orc:2    | Found Xymu's Magic Scroll Boutique.
 17273 | D:13     | Noticed Josephine
 17299 | D:13     | Killed Josephine
 17541 | D:13     | Found a gate to the Vaults.
 17728 | D:13     | Lost mutation: Your spells are a little harder to cast, but a little more powerful. [potion of mutation]
 17728 | D:13     | Gained mutation: You have a pair of small horns on your head. [potion of mutation]
 17728 | D:13     | Gained mutation: You are robust. (+10% HP) [potion of mutation]
 17728 | D:13     | Gained mutation: You have a somewhat thin skeletal structure. (Dex +2, Stealth) [potion of mutation]
 18081 | D:14     | Found Guriamatal's General Store.
 18680 | D:15     | Entered Level 15 of the Dungeon
 18778 | D:15     | Found a blossoming altar of Fedhas.
 18998 | D:15     | Found a staircase to the Depths.
 19061 | D:15     | Found a portal to a secret trove of treasure.
 19610 | D:9      | You fall through a shaft for 3 floors!
 19635 | D:11     | Noticed kuniqs's ghost (journeyman DDFi)
 19654 | D:11     | Killed kuniqs's ghost
 19750 | Swamp:1  | Entered Level 1 of the Swamp
 19821 | Swamp:1  | Noticed Aizul
 19870 | Swamp:1  | Killed Aizul
 20043 | Swamp:1  | Reached XP level 16. HP: 126/167 MP: 7/7
 20646 | Swamp:2  | Identified a scroll of acquirement
 21027 | Swamp:2  | Noticed a thorn hunter
 21047 | Swamp:2  | Killed a thorn hunter
 21271 | Swamp:3  | Noticed Louise
 21282 | Swamp:3  | HP: 8/167 [swamp worm[a spriggan druid] (5)]
 21285 | Swamp:3  | HP: 3/167 [alligator[a spriggan druid] (7)]
 21286 | Swamp:3  | Slain by a spriggan rider

Vault maps used:
D:1:      dpeg_arrival_signposts
D:2:      lemuel_round_altar
D:3:      first_ration
D:4:      grunt_dithmenos_smoke, minmay_temple_entry_statues_fountains,
          gup_sewer_entry_pipe, cheibrodos_ashenzari_chains
D:5:      uniq_sigmund
D:6:      supply_closet_lemuel, uniq_prince_ribbit1, uniq_menkaure
D:7:      overflow_temple_1_default
D:8:      grunt_temple_overflow_forces_of_nature, erik_lair_orcish_takeover,
          serial_shops, shop, uniq_psyche
D:9:      grunt_temple_overflow_holy_war
D:10:     hangedman_little_slice_of_home, lightli_corner_chamber
D:11:     serial_shops, shop, basic_altar, small_statue_intersection,
          abandoned_shop, okawaru_humans
D:12:     david_orc_4, uniq_frances, uniq_urug
D:13:     david_vaults_1, uniq_josephine
D:14:     serial_glass, glass_columns_b, glass_columns_b, due_unseen_surprise,
          feat_on_display, minmay_strange_pillars, feat_on_display,
          serial_shops, shop, kennysheep_generic_room_2
D:15:     hangedman_depths_entry_civil_slaughter, moated_statue, enter_trove_0,
          fedhas_bush_and_centaur_altar
Temple:   regret_index_temple_generic_petals
Lair:1:   beast_lair_carwin_7, grunt_megastairs_1
Lair:2:   guppyfry_snake_entry_island
Lair:3:   hangedman_what_comes_after_a, swamp_mist, basic_altar,
          eino_small_chamber_without_monster, minmay_lair_oklob_chamber
Lair:4:   uniq_kirke
Lair:6:   cheibrodos_lair_end_hotspot, slime_altar_1,
          portal_ice_cave_demonic_guard, enter_volcano_4, lemuel_another_geyser,
          serial_bayou_shore_a
Swamp:1:  evilmike_swamp_ruin_house_6, infiniplex_staircase_pool_2, uniq_aizul
Swamp:2:  hangedman_swamp_pad
Swamp:3:  evilmike_swamp_ruin_house_3, uniq_louise
Orc:2:    st_orc_town, basic_altar, serial_shops, shop, uniq_snorg, uniq_maurice
Sewer:    sewer_kobolds
IceCv:    ice_cave_statue_garden_teleport
Volcano:  kennysheep_volcano_temple

Skill      XL: |  1  2  3  4  5  6  7  8  9 10 11 12 13 14 15 16 |
---------------+-------------------------------------------------+-----
Fighting       | 3 4 5 6 7 8 9 10 11 12 | 12.2
Dodging        | 1 2 3 4 5 6 8 9 10 11 12 13 | 13.9
Axes           | 3 4 5 6 8 9 10 11 12 13 14 | 14.0
Armour         | 4 5 6 7 8 9 10 11 12 13 14 | 14.3
Shields        | 4 5 6 7 8 10 11 12 13 14 | 14.3
Invocations    | 1 3 4 6 8 10 | 10.0

Action                   |  1- 3 |  4- 6 |  7- 9 | 10-12 | 13-15 | 16-18 || total
-------------------------+-------+-------+-------+-------+-------+-------++-------
Melee: War axe           |    85 |   219 |   331 |   945 |  1997 |       ||  3577
       Short sword       |       |       |       |    32 |    21 |       ||    53
       Headbutt          |       |       |       |       |   143 |    74 ||   217
       Broad axe         |       |       |       |       |   130 |   236 ||   366
       Scimitar          |       |       |       |       |    51 |    25 ||    76
Throw: Throwing net      |       |       |     1 |       |       |       ||     1
Invok: Lesser Servant of |       |       |       |     5 |     7 |       ||    12
 Abil: Heal Wounds       |     2 |     4 |    11 |    23 |    18 |     3 ||    61
Evoke: Wand              |       |     3 |     9 |     6 |    54 |       ||    72
  Use: Potion            |       |       |     2 |     1 |     2 |       ||     5
       Scroll            |       |       |    14 |    13 |    12 |     2 ||    41
 Stab: Distracted        |       |       |       |     1 |       |       ||     1
  Eat: Chunk             |     1 |     6 |    10 |    18 |    28 |     4 ||    67
       Ration            |       |       |       |       |     2 |       ||     2
Armor: Scale mail        |    48 |    70 |    93 |    58 |       |       ||   269
       Plate armour      |       |       |       |   521 |  1045 |   157 ||  1723
Dodge: Dodged            |    32 |    78 |   145 |   834 |   870 |   105 ||  2064
Block: Shield            |    58 |   125 |   213 |   973 |   545 |       ||  1914
       Large shield      |       |       |       |       |  1512 |   342 ||  1854
       Rpst.: Scimitar   |       |       |       |       |    10 |       ||    10

Table legend:
 A = Spawn XP
 B = Non-spawn XP
 C = Spawn XP percentage of total XP
 D = Spawn monster count
 E = Non-spawn monster count
 F = Spawn count percentage of total count
 G = Total turns spent on level
                    A         B        C        D         E        F      G
               +---------+---------+-------+---------+---------+-------+---------
         Total |       0 |  176397 |   0.0 |       0 |     843 |   0.0 | 21286
               +---------+---------+-------+---------+---------+-------+---------
           D:1 |       0 |      20 |   0.0 |       0 |       9 |   0.0 |   604
           D:2 |       0 |      70 |   0.0 |       0 |      12 |   0.0 |   851
           D:3 |       0 |     137 |   0.0 |       0 |      22 |   0.0 |   814
           D:4 |       0 |     476 |   0.0 |       0 |      26 |   0.0 |   501
           D:5 |       0 |     921 |   0.0 |       0 |      15 |   0.0 |   568
           D:6 |       0 |     555 |   0.0 |       0 |       8 |   0.0 |   856
           D:7 |       0 |     781 |   0.0 |       0 |      12 |   0.0 |   573
           D:8 |       0 |    1329 |   0.0 |       0 |      21 |   0.0 |   779
           D:9 |       0 |    1530 |   0.0 |       0 |       8 |   0.0 |   765
          D:10 |       0 |    3327 |   0.0 |       0 |      55 |   0.0 |   903
          D:11 |       0 |   10492 |   0.0 |       0 |      50 |   0.0 |   819
          D:12 |       0 |    9565 |   0.0 |       0 |      46 |   0.0 |  1023
          D:13 |       0 |   14796 |   0.0 |       0 |      41 |   0.0 |   830
          D:14 |       0 |    8803 |   0.0 |       0 |      34 |   0.0 |   828
          D:15 |       0 |   12505 |   0.0 |       0 |      33 |   0.0 |   837
        Lair:1 |       0 |    7204 |   0.0 |       0 |      36 |   0.0 |  1002
        Lair:2 |       0 |    1277 |   0.0 |       0 |       7 |   0.0 |   599
        Lair:3 |       0 |   12625 |   0.0 |       0 |      87 |   0.0 |  1184
        Lair:4 |       0 |    4135 |   0.0 |       0 |      14 |   0.0 |   641
        Lair:5 |       0 |    5505 |   0.0 |       0 |      20 |   0.0 |   923
        Lair:6 |       0 |   28910 |   0.0 |       0 |      77 |   0.0 |  1600
       Swamp:1 |       0 |   14380 |   0.0 |       0 |      25 |   0.0 |   686
       Swamp:2 |       0 |   14147 |   0.0 |       0 |      37 |   0.0 |   815
       Swamp:3 |       0 |    2459 |   0.0 |       0 |       7 |   0.0 |    35
         Orc:1 |       0 |    3137 |   0.0 |       0 |      17 |   0.0 |   550
         Orc:2 |       0 |   10939 |   0.0 |       0 |      99 |   0.0 |  1188
         Sewer |       0 |     141 |   0.0 |       0 |      10 |   0.0 |   141
         IceCv |       0 |    1368 |   0.0 |       0 |       7 |   0.0 |    58
       Volcano |       0 |    4863 |   0.0 |       0 |       8 |   0.0 |   146
               +---------+---------+-------+---------+---------+-------+---------
